 Dungeon Crawl Stone Soup version 0.23-a0-61-g4bf3f6c (webtiles) character file.

74 Amnesiac the Conjurer (level 4, -1/30 HPs)
             Began as a Mummy Conjurer on Aug 9, 2018.
             Slain by a thrashing horror (5 damage)
             ... created by the touch of Lugonu
             ... on level 2 of the Dungeon.
             The game lasted 00:03:17 (1566 turns).

Amnesiac the Conjurer (Mummy Conjurer)              Turns: 1566, Time: 00:03:17

Health: -1/30      AC:  2    Str: 11    XL:     4   Next: 10%
Magic:  10/10      EV: 12    Int: 15    God:
Gold:   74         SH:  0    Dex: 12    Spells: 7/11 levels left

rFire    x . .     SeeInvis .   a - +0 hunting sling
rCold    + . .     Gourm    .   (no shield)
rNeg     + + +     Faith    .   f - +0 robe
rPois    ∞         Spirit   .   (no helmet)
rElec    .         Reflect  .   (no cloak)
rCorr    .         Harm     .   (no gloves)
MR       .....                  (no boots)
Stlth    ++........             (no amulet)
HPRegen  0.10/turn              (no ring)
MPRegen  0.12/turn              (no ring)

@: no status effects
A: no food or potions, fire vulnerability, cold resistance 1, negative energy
resistance 3, torment resistance, unbreathing
a: no special abilities


You were on level 2 of the Dungeon.
You were not hungry.

You visited 1 branch of the dungeon, and saw 3 of its levels.

You collected 74 gold pieces.

Inventory:

Hand Weapons
 a - a +0 hunting sling (weapon)
Missiles
 e - 33 stones (quivered)
Armour
 f - a +0 robe (worn)
Scrolls
 b - a scroll of enchant weapon {!r, unknown}
 c - a scroll of immolation {!r, unknown}
 d - 3 scrolls of identify {!r, unknown}


   Skills:
 - Level 1.5 Dodging
 - Level 1.5 Stealth
 + Level 4.0 Spellcasting
 * Level 4.2 Conjurations


You had 7 spell levels left.
You knew the following spells:

 Your Spells              Type           Power        Failure   Level  Hunger
d - Iskenderun's Mystic   Conj           ###.....     32%         4    N/A

Your spell library contained the following spells:

 Spells                   Type           Power        Failure   Level  Hunger
 Magic Dart               Conj           ###.         3%          1    N/A
 Fulminant Prism          Conj/Hex       #.........   58%         4    N/A
 Dazzling Spray           Conj/Hex       #.....       22%         3    N/A
 Force Lance              Conj/Tloc      #.......     58%         4    N/A
 Searing Ray              Conj           ###...       4%          2    N/A

Dungeon Overview and Level Annotations

Branches:
Dungeon (3/15)

Altars:
Lugonu


Innate Abilities, Weirdness & Mutations

You do not eat or drink.
Your flesh is vulnerable to fire.
You are immune to poison.
Your flesh is cold resistant. (rC+)
You are immune to negative energy. (rN+++)
You are immune to unholy pain and torment.
You can survive without breathing.


Message History

Firing (i - inventory)
e - 35 stones (quivered)
Press: ? - help, Shift-Dir - straight line, f/p - adder
Aim: an adder (heavily wounded)
You shoot a stone. The stone misses the adder.
The adder bites you.
* * * LOW HITPOINT WARNING * * *
The adder bites you.
* * * LOW HITPOINT WARNING * * *
Casting: Magic Dart (safe; 3% risk of failure)
Confirm with . or Enter, or press ? or * to list all spells.
You don't have enough magic to cast that spell.
Casting: Magic Dart (safe; 3% risk of failure)
Confirm with . or Enter, or press ? or * to list all spells.
You don't have enough magic to cast that spell.
You are too injured to fight recklessly!
Casting: Magic Dart (safe; 3% risk of failure)
Confirm with . or Enter, or press ? or * to list all spells.
You don't have enough magic to cast that spell.
You are too injured to fight recklessly!
Casting: Magic Dart (safe; 3% risk of failure)
Confirm with . or Enter, or press ? or * to list all spells.
You don't have enough magic to cast that spell.
You are too injured to fight recklessly!
Firing (i - inventory)
e - 34 stones (quivered)
Press: ? - help, Shift-Dir - straight line, f/p - adder
Aim: an adder (heavily wounded)
You shoot a stone. The stone hits the adder.
You kill the adder!
Your Spellcasting skill increases to level 4!
You have reached level 4!
This spell is quite dangerous to cast!
Memorise Iskenderun's Mystic Blast, consuming 4 spell levels and leaving 6?
You start memorising the spell.
You continue memorising. x4
You finish memorising.
Spell assigned to 'd'.
You start resting.
Your magical contamination has completely faded away.
Adjust (i)tems, (s)pells, or (a)bilities?
Adjust which spell?
Okay, then.
You start resting.
Magic restored.
You start resting.
Magic restored.
You start resting.
Lugonu's wrath finds you! Space warps around you!
You blink.
Lugonu sends minions to punish you.
A thrashing horror comes into view.
Unknown command.
Really read
i - a scroll labeled IWOLU EFUA {!r}?
As you read the scroll labeled IWOLU EFUA {!r}, it crumbles to dust.
You feel blessed for a moment.
It was a scroll of remove curse {!r}.
The thrashing horror roars!
Really read
h - a scroll labeled TAYGITT REAL {!r}?
As you read the scroll labeled TAYGITT REAL {!r}, it crumbles to dust.
The scroll dissolves into smoke.
It was a scroll of fog {!r}.
The thrashing horror tramples you!
* * * LOW HITPOINT WARNING * * *
You hold your ground!
The thrashing horror completely misses you.
Really read
g - a scroll labeled EJOCIM JATIESCH {!r}?
As you read the scroll labeled EJOCIM JATIESCH {!r}, it crumbles to dust.
It is a scroll of amnesia.
Your memory of Magic Dart unravels.
The thrashing horror tramples you.
You die...

..... (.. ?..
#.# #.# #.#
##'####+####
#(.!.(..§§§#
#.......§X@#
#........§§#
#.......§§.#
#..........#
#..........#
###.....##...
#.....##...
##.##......
#.##......


You could see a thrashing horror.

Vanquished Creatures
  4 adders
  2 dart slugs (D:2)
  A leopard gecko (D:1)
  2 orcs
  3 bats
  2 giant cockroaches
  3 goblins (D:1)
  4 hobgoblins
  4 kobolds (D:1)
  A quokka (D:2)
  3 frilled lizards (D:1)
  3 rats
32 creatures vanquished.

Vanquished Creatures (others)
  2 ghouls (D:1)
  2 minotaurs (D:1)
  2 draconians (D:1)
  2 octopodes (D:1)
  A vampire (D:1)
  2 nagas (D:1)
  A dwarf (D:1)
  An ogre (D:1)
  An orc (D:1)
  A kobold (D:1)
  5 tentacles (D:1)
20 creatures vanquished.

Grand Total: 52 creatures vanquished

Notes
Turn   | Place    | Note
-------+----------+-------------------------------------------
     0 | D:1      | Amnesiac the Mummy Conjurer began the quest for the Orb.
     0 | D:1      | Reached XP level 1. HP: 13/13 MP: 4/4
     2 | D:1      | Noticed a vampire
     2 | D:1      | Noticed a ghoul
     2 | D:1      | Noticed a naga
     2 | D:1      | Noticed an octopode
     2 | D:1      | Noticed a draconian
     2 | D:1      | Noticed a kraken
     2 | D:1      | Noticed a minotaur
     2 | D:1      | Noticed an ogre
     2 | D:1      | Noticed a naga
     2 | D:1      | Noticed a ghoul
     2 | D:1      | Noticed an octopode
     2 | D:1      | Noticed a dwarf
     2 | D:1      | Noticed a minotaur
     2 | D:1      | Noticed a draconian
     5 | D:1      | Killed an octopode
     5 | D:1      | Killed a naga
     7 | D:1      | Killed a minotaur
     8 | D:1      | Killed an ogre
     9 | D:1      | Killed a draconian
     9 | D:1      | Killed an octopode
     9 | D:1      | Killed a ghoul
    73 | D:1      | Killed a vampire
    73 | D:1      | Killed a naga
    75 | D:1      | Killed a minotaur
    77 | D:1      | Killed a ghoul
    77 | D:1      | Killed a dwarf
    79 | D:1      | Killed a draconian
   164 | D:1      | Reached XP level 2. HP: 11/19 MP: 0/6
   907 | D:2      | Found a faded altar of an unknown god.
   925 | D:2      | Became a worshipper of Lugonu the Unformed
   925 | D:2      | Reached * piety under Lugonu
   925 | D:2      | Reached ** piety under Lugonu
  1092 | D:3      | Reached XP level 3. HP: 24/24 MP: 1/8
  1289 | D:2      | Fell from the grace of Lugonu
  1474 | D:2      | Reached XP level 4. HP: 3/30 MP: 0/10
  1480 | D:2      | Learned a level 4 spell: Iskenderun's Mystic Blast
  1564 | D:2      | Noticed a thrashing horror
  1566 | D:2      | Slain by a thrashing horror

Vault maps used:
D:1:      nicolae_arrival_kraken_aquarium_b, skrybe_limestone_x
D:2:      lemuel_doored_altar, first_ration,
          chequers_ecumenical_altar_simple_redux, minmay_pentomino_v4
D:3:      trog_eyes_of_draining, gammafunk_temple_overflow_arena,
          nicolae_ru_path_of_blood

Skill      XL: |  1  2  3 |
---------------+----------+-----
Spellcasting   | 3 4 |  4.0
Conjurations   | 4 |  4.2
Dodging        | |  1.5
Stealth        | |  1.5

Action                   |  1- 3 |  4- 6 || total
-------------------------+-------+-------++-------
Melee: Unarmed           |     4 |       ||     4
 Fire: Hunting sling     |    37 |       ||    37
 Cast: Magic Dart        |    80 |       ||    80
Invok: Bend Space        |     1 |       ||     1
       Renounce Religion |     1 |       ||     1
  Use: Scroll            |       |     3 ||     3
Armor: Robe              |     6 |       ||     6
Dodge: Dodged            |    39 |     1 ||    40

Table legend:
 A = Non-vault XP
 B = Vault XP
 C = Vault XP percentage of total XP
 D = Non-vault monster count
 E = Vault monster count
 F = Vault count percentage of total count
 G = Total turns spent on level
                 A         B        C        D         E       F
            +---------+---------+-------+---------+---------+-------
      Total |     100 |       7 |   6.5 |      29 |       3 |   9.4
            +---------+---------+-------+---------+---------+-------
        D:1 |      26 |       1 |   3.7 |      16 |       1 |   5.9
        D:2 |      53 |       6 |  10.2 |       8 |       2 |  20.0
        D:3 |      21 |       0 |   0.0 |       5 |       0 |   0.0
            +---------+---------+-------+---------+---------+-------
